 Dungeon Crawl Stone Soup version 0.19.0-18-g426998a (webtiles) character file.

231 Mesmaeker13 the Charmwright (level 5, -1/38 HPs)
             Began as a Demonspawn Skald on Nov 11, 2016.
             Slain by a hound (2 damage)
             ... on level 6 of the Dungeon.
             The game lasted 00:08:33 (3080 turns).

Mesmaeker13 the Charmwright (Demonspawn Skald)      Turns: 3080, Time: 00:08:34

Health: -1/38      AC:  6    Str: 12    XL:     5   Next: 72%
Magic:  7/9        EV: 12    Int: 15    God:
Gold:   121        SH:  0    Dex: 12    Spells: 2 memorised, 7 levels left

rFire  . . .     SeeInvis .     a - +1 spear
rCold  . . .     Gourm    .     b - +0 leather armour
rNeg   . . .     Faith    .     (no shield)
rPois  .         Spirit   .     (no helmet)
rElec  .         Reflect  .     i - +2 cloak {MR+}
rCorr  .         Harm     .     (no gloves)
MR     +....                    (no boots)
Stlth  ++........               (no amulet)
                                (no ring)
                                (no ring)

@: infused
A: nightstalker 1
a: no special abilities


You were on level 6 of the Dungeon.
You were not hungry.

You visited 1 branch of the dungeon, and saw 6 of its levels.

You collected 121 gold pieces.

Inventory:

Hand Weapons
 a - a +1 spear (weapon)
Armour
 b - a +0 leather armour (worn)
 i - a +2 cloak of magic resistance (worn)
Scrolls
 e - 4 scrolls of remove curse
 k - 2 scrolls of magic mapping
Potions
 f - a potion of ambrosia {unknown}
 m - a potion of beneficial mutation {unknown}
 p - a potion of agility {unknown}
 q - a potion of cancellation {unknown}
Books
 c - a book of Battle

   Spells                             Type                      Level
   a - Infusion                       Charms                       1
   b - Shroud of Golubria             Charms/Translocation         2
   c - Song of Slaying                Charms                       2
   d - Spectral Weapon                Hexes/Charms                 3
   e - Regeneration                   Charms/Necromancy            3
Comestibles
 g - 2 meat rations


   Skills:
 - Level 2.0 Fighting
 + Level 3.0 Polearms
 - Level 0.8 Armour
 + Level 2.9 Dodging
 + Level 3.1 Spellcasting
 + Level 3.6 Charms


You had 7 spell levels left.
You knew the following spells:

 Your Spells              Type           Power        Failure   Level  Hunger
a - Infusion              Chrm           ##..         8%          1    #......
b - Song of Slaying       Chrm           ##......     12%         2    ##.....


Dungeon Overview and Level Annotations

Branches:
Dungeon (6/15)             Temple (0/1) D:4

Altars:

Annotations:
D:3 1 runed door, Flash162's ghost, amateur MfTm; Sigmund
D:4 Pikel
D:5 Menkaure


Innate Abilities, Weirdness & Mutations

You are slightly more attuned to the shadows.


Message History

You climb downwards.
A leopard gecko comes into view.
There is a stone staircase leading up here.
You are too injured to fight recklessly!
Casting: Infusion
Confirm with . or Enter, or press ? or * to list all spells.
You begin infusing your attacks with magical energy.
The hound bites you.
* * * LOW HITPOINT WARNING * * *
The hound bites you but does no damage.
You barely miss the hound.
The hound is moderately wounded.
The hound bites you but does no damage.
You barely miss the hound.
The hound is moderately wounded.
The hound bites you but does no damage.
You hit the hound!
The hound is almost dead.
The hound bites you.
You die...

... ## ..#
...##. ..#
....#. ..#
......#l.#
.........##
##....h..##.
#....@......
#............
......###....
.....# .##
#.... # ##...
...


You could see a hound and a leopard gecko (sleeping).

Vanquished Creatures
  A howler monkey (D:4)
  A hound (D:4)
  An orc priest (D:3)
  A worker ant (D:4)
  An adder (D:4)
  3 worms
  5 dart slugs
  2 leopard geckos
  2 orcs
  8 bats
  2 giant cockroaches
  8 goblins
  10 hobgoblins
  9 jackals
  A quokka (D:3)
  3 ball pythons
  6 frilled lizards
  7 kobolds
  7 rats
78 creatures vanquished.

Notes
Turn   | Place    | Note
-------+----------+-------------------------------------------
     0 | D:1      | Mesmaeker13 the Demonspawn Skald began the quest for the Orb.
     0 | D:1      | Reached XP level 1. HP: 16/16 MP: 3/3
    17 | D:1      | Reached skill level 1 in Dodging
   194 | D:1      | Gained mutation: You are slightly more attuned to the shadows. [demonic ancestry]
   194 | D:1      | Reached XP level 2. HP: 17/22 MP: 1/5
   626 | D:1      | Reached XP level 3. HP: 27/27 MP: 2/6
  1160 | D:2      | Learned a level 2 spell: Song of Slaying
  1996 | D:2      | Reached XP level 4. HP: 33/33 MP: 7/7
  2400 | D:3      | Noticed Sigmund
  2762 | D:3      | Found a runed door.
  2770 | D:3      | Noticed Flash162's ghost (amateur MfTm)
  2800 | D:4      | Reached XP level 5. HP: 37/38 MP: 1/9
  2976 | D:4      | Found a staircase to the Ecumenical Temple.
  3014 | D:4      | Noticed Pikel
  3018 | D:4      | Noticed a slave
  3020 | D:4      | Noticed a slave
  3022 | D:4      | Noticed a slave
  3022 | D:5      | Entered Level 5 of the Dungeon
  3022 | D:5      | Noticed a black bear
  3031 | D:5      | Noticed Menkaure
  3077 | D:6      | HP: 1/38 [hound (5)]
  3080 | D:6      | Slain by a hound

Skill      XL: |  1  2  3  4  5 |
---------------+----------------+-----
Dodging        | 1 2 |  2.9
Polearms       | 2 3 |  3.0
Charms         | 3 |  3.6
Spellcasting   | 3 |  3.1
Fighting       | |  2.0
Armour         | |  0.8

Action                   |  1- 3 |  4- 6 || total
-------------------------+-------+-------++-------
Melee: Spear             |   214 |   117 ||   331
 Cast: Infusion          |    15 |     7 ||    22
       Song of Slaying   |       |     1 ||     1
  Use: Scroll            |     3 |     2 ||     5
       Potion            |       |     3 ||     3
 Stab: Sleeping          |     6 |     2 ||     8
       Distracted        |       |     1 ||     1
  Eat: Chunk             |     4 |     1 ||     5
       Bread ration      |       |     1 ||     1
Armor: Leather armour    |    66 |    46 ||   112
Dodge: Dodged            |    87 |    69 ||   156
